 Dungeon Crawl Stone Soup version 0.30.1-4-g462c640d31 (webtiles) character file.

Game seed: 8142927726552064795

4918 Zeor the Carver (level 10, -4/84 HPs)
             Began as a Black Draconian Berserker on Aug 21, 2023.
             Was an Elder of Trog.
             Slain by a troll (8 damage)
             ... on level 9 of the Dungeon.
             The game lasted 00:25:11 (8557 turns).

Zeor the Carver (Black Draconian Berserker)         Turns: 8557, Time: 00:25:12

Health: -4/84      AC: 11    Str: 19    XL:     10   Next: 27%
Magic:  0/10       EV: 16    Int:  8    God:    Trog [****..]
Gold:   87         SH:  0    Dex: 15    Spells: 9/9 levels left

rFire   . . .        a - +0 triple sword
rCold   + . .        (shield currently unavailable)
rNeg    . . .        (body armour unavailable)
rPois   .            B - +2 hat
rElec   +            (no cloak)
rCorr   .            m - +0 pair of gloves
SInv    .            k - +0 pair of boots
Will    +....        w - amulet of guardian spirit
Stlth   ++           e - ring of willpower
HPRegen 0.34/turn    f - ring of protection from cold
MPRegen 0.12/turn

%: guardian spirit
@: on berserk cooldown
A: breathe lightning, AC +7, unfitting armour, electricity resistance,
cold-blooded
a: Breathe Lightning, Renounce Religion, Berserk, Trog's Hand, Brothers in Arms


You were on level 9 of the Dungeon.
You worshipped Trog.
Trog was greatly pleased with you.
You visited 2 branches of the dungeon, and saw 10 of its levels.
You also visited: Ossuary.

You collected 466 gold pieces.
You spent 379 gold pieces at shops.

Inventory:

Hand Weapons
 a - a +0 triple sword (weapon)
 n - a +1 heavy falchion
 F - a +0 falchion of holy wrath
 I - a +0 long sword
Missiles
 d - 23 poisoned darts (quivered)
 i - 2 curare-tipped darts
 A - an atropa-tipped dart
 E - 3 throwing nets
Armour
 k - a +0 pair of boots (worn)
 m - a +0 pair of gloves (worn)
 B - a +2 hat (worn)
Jewellery
 e - a ring of willpower (left hand)
 f - a ring of protection from cold (right hand)
 g - a ring of fire
 o - a ring of flight
 w - an amulet of guardian spirit (around neck)
 N - a ring of see invisible
Wands
 c - a wand of roots (10)
 C - a wand of paralysis (11)
 L - a wand of digging (4)
 O - a wand of mindburst (10)
Scrolls
 b - 8 scrolls of teleportation
 r - 2 scrolls of enchant armour
 t - 2 scrolls of fear
 x - a scroll of silence
 y - 3 scrolls of immolation
 D - a scroll of poison
 K - a scroll of blinking
Potions
 h - a potion of magic
 j - 4 potions of attraction
 l - 3 potions of berserk rage
 p - 3 potions of might
 q - a potion of cancellation
 s - a potion of ambrosia
 v - a potion of resistance
 z - a potion of mutation
 G - a potion of haste
 H - 2 potions of flight
 M - 2 potions of lignification {unknown}
 P - a potion of curing {unknown}


   Skills:
 + Level 6.7 Fighting
 + Level 9.9 Long Blades
 * Level 5.5 Throwing
 * Level 8.0 Dodging
 + Level 3.0 Stealth


You had 9 spell levels left.
You didn't know any spells.
Your spell library was empty.

Dungeon Overview and Level Annotations

Branches:
Dungeon (9/15)             Temple (1/1) D:6         Ossuary (visited)
   Lair: D:8-11         Orc: D:9-12

Altars:
Ashenzari
Cheibriados
Dithmenos
Elyvilon
Fedhas
Gozag
Hepliaklqana
Kikubaaqudgha
Makhleb
Nemelex Xobeh
Okawaru
Qazlal
Ru
Sif Muna
Trog
Uskayaw
Vehumet
Wu Jian
Xom
Yredelemnul
Zin
The Shining One

Shops:
D:6 [*

Annotations:
D:5 exclusion: door


Innate Abilities, Weirdness & Mutations

You can breathe wild blasts of lightning.
Your glossy black scales are hard. (AC +7)
You cannot fit into any form of body armour.
You are resistant to electric shocks. (rElec)
You are cold-blooded and may be slowed by cold attacks.


Message History

The yak is moderately wounded.
The yak gores you.
* * * LOW HITPOINT WARNING * * *
The yak misses you.
You slash the yak!
You tail-slap the yak, but do no damage.
The yak is heavily wounded.
The yak gores you!
* * * LOW HITPOINT WARNING * * *
You feel much better. The yak gores you! The yak barely misses you.
You slash the yak!
You tail-slap the yak, but do no damage.
The yak is severely wounded.
You have got your breath back.
The yak closely misses you. The yak gores you!
* * * LOW HITPOINT WARNING * * *
You hit the yak.
The yak is severely wounded.
The yak misses you. The yak gores you!
* * * LOW HITPOINT WARNING * * *
You fail to use your ability.
You feel yourself speed up. The yak barely misses you.
Your ogre goes berserk!
The yak gores you!
* * * LOW HITPOINT WARNING * * *
You hit the yak.
The yak is almost dead.
Your ogre hits the yak with a +0 giant spiked club!!!
The yak dies!
Trog accepts your kill. The troll misses you. The troll claws you.
* * * LOW HITPOINT WARNING * * *
The troll completely misses you.
Your Dodging skill increases to level 8!
You slash the troll!
The troll is moderately wounded.
Your ogre hits the troll with a +0 giant spiked club!
The troll bites you!
You die...
YY∙YY∙∙▒▒▒▒▒▒∙∙∙∙ ▒ ∙∙∙∙∙∙∙∙∙∙∙[∙∙∙∙∙

▒
■▒▒▒▒▒▒▒▒∙∙∙∙∙∙∙∙∙▒▒▒▒▒▒▒
∙∙∙∙∙∙∙∙▒∙∙∙∙∙∙∙∙∙▒∙∙∙∙∙∙
∙∙∙∙∙∙∙∙▒∙∙∙∙∙∙∙∙∙▒∙∙∙∙∙∙
∙∙∙∙∙∙∙∙▒∙∙∙∙∙∙∙∙∙▒∙∙∙∙∙∙
▒∙∙∙∙∙▒c∙∙∙∙∙∙∙∙▒∙∙∙∙∙∙
▒∙∙∙∙∙▒T▒▒▒■▒▒▒▒▒∙▒▒▒▒▒
▒∙∙∙∙∙d∙O∙∙∙∙∙∙∙∙∙▒∙∙∙▒
▒∙∙∙∙∙∙∙∙∙∙∙∙∙∙∙∙∙▒∙∙∙▒
▒∙∙∙∙∙∙∙∙∙∙∙∙∙∙∙∙∙'∙∙∙▒
∙∙∙∙∙∙∙∙∙∙∙∙∙∙∙∙∙∙∙∙▒▒▒▒▒


∙∙∙∙∙∙∙∙∙∙∙∙∙∙∙∙∙∙∙∙∙∙∙∙∙ ∙∙∙∙∙∙∙∙<∙∙∙∙∙∙∙∙∙∙∙▒▒▒▒▒ ∙∙▒▒▒▒▒▒∙∙∙∙∙∙∙∙∙∙∙∙▒ ▒▒
▒∙∙∙∙∙∙∙∙∙∙∙∙▒ ▒∙∙∙∙∙∙∙∙∙∙∙∙▒ You could see a troll (ally target), a centaur and
a friendly ogre (summoned, berserk).

Vanquished Creatures
  A two-headed ogre (D:8)
  5 yaks (D:9)
  Menkaure (D:5)
  2 black bears
  An orc warrior (D:8)
  2 ice beasts
  2 centaurs
  An ogre (D:6)
  2 phantoms
  A kobold brigand (D:8)
  Blork the orc (D:5)
  13 scorpions
  3 bullfrogs
  A gnoll sergeant (D:8)
  3 killer bees (D:8)
  2 centaur zombies (Ossuary)
  A crimson imp (D:5)
  2 jellies
  5 hounds
  5 orc priests
  4 human zombies (Ossuary)
  A gnoll bouda (D:6)
  3 scorpion zombies (Ossuary)
  An iguana (D:7)
  2 sleepcaps
  3 orc wizards
  4 mummies
  6 adders
  18 gnolls
  A shadow imp (D:8)
  3 white imps
  2 worms
  2 dart slugs
  16 orcs
  12 endoplasms
  3 giant cockroaches
  12 goblins
  7 hobgoblins
  4 quokkas
  4 ball pythons
  3 bats
  7 frilled lizards
  3 gnoll zombies (Ossuary)
  10 hobgoblin zombies
  11 kobolds
  2 kobold zombies (Ossuary)
  An orc zombie (Ossuary)
  8 rats
207 creatures vanquished.

Vanquished Creatures (collateral kills)
  A yak (D:9)
1 creature vanquished.

Grand Total: 208 creatures vanquished

Notes
Turn   | Place    | Note
-------+----------+-------------------------------------------
     0 | D:1      | Zeor the Draconian Berserker began the quest for the Orb.
     0 | D:1      | Reached XP level 1. HP: 19/19 MP: 1/1
    97 | D:1      | Reached XP level 2. HP: 16/26 MP: 2/2
   283 | D:1      | Reached ** piety under Trog
   469 | D:1      | Reached XP level 3. HP: 31/31 MP: 3/3
   826 | D:2      | Reached skill level 1 in Throwing
   834 | D:2      | Reached XP level 4. HP: 9/40 MP: 4/4
   839 | D:2      | HP: 2/40 [dart slug/slug dart (3)]
  1733 | D:3      | Found a hide-covered altar of Uskayaw.
  1741 | D:3      | Reached *** piety under Trog
  1834 | D:3      | Found a glowing silver altar of Zin.
  1834 | D:3      | Noticed an angel
  2015 | D:3      | Reached XP level 5. HP: 41/46 MP: 5/5
  2194 | D:3      | Reached skill level 4 in Long Blades
  2503 | D:4      | Noticed a phantom
  2513 | D:4      | Killed a phantom
  2586 | D:4      | Found a sand-covered staircase.
  2645 | Ossuary  | Entered an ossuary
  2713 | Ossuary  | Reached XP level 6. HP: 47/52 MP: 6/6
  2856 | Ossuary  | Reached skill level 5 in Long Blades
  2864 | Ossuary  | Your scales start taking on a glossy black colour.
  2864 | Ossuary  | Reached XP level 7. HP: 30/60 MP: 7/7
  2864 | Ossuary  | Gained mutation: You are resistant to electric shocks.
                  | (rElec) [Black Draconian growth]
  3002 | Ossuary  | Reached skill level 1 in Stealth
  3299 | Ossuary  | Reached **** piety under Trog
  3367 | Ossuary  | Reached skill level 6 in Long Blades
  3379 | Ossuary  | Reached skill level 5 in Dodging
  3390 | Ossuary  | Reached XP level 8. HP: 45/67 MP: 8/8
  3695 | D:4      | Found a shadowy altar of Dithmenos.
  3897 | D:4      | Found a snail-covered altar of Cheibriados.
  4023 | D:5      | Entered Level 5 of the Dungeon
  4047 | D:5      | Reached skill level 5 in Fighting
  4100 | D:5      | Noticed Menkaure
  4107 | D:5      | Killed Menkaure
  4108 | D:5      | Reached skill level 7 in Long Blades
  4178 | D:5      | Found a burning altar of Makhleb.
  4179 | D:5      | Found a shimmering altar of Xom.
  4368 | D:5      | Noticed Blork the orc
  4399 | D:5      | Killed Blork the orc
  4399 | D:5      | HP: 3/69 [bounced beam (7)]
  4825 | D:5      | Found a shimmering blue altar of Sif Muna.
  5086 | D:6      | Reached XP level 9. HP: 68/74 MP: 9/9
  5090 | D:6      | Found Masuatt's Armour Boutique.
  5119 | D:6      | Reached skill level 8 in Long Blades
  5216 | D:6      | Bought a +0 pair of gloves for 49 gold pieces
  5597 | D:6      | Found Uqyrchuam's General Store.
  5750 | D:6      | Found a staircase to the Ecumenical Temple.
  5775 | Temple   | Entered the Ecumenical Temple
  6107 | D:6      | Bought a potion of heal wounds for 60 gold pieces
  6107 | D:6      | Bought a scroll of blinking for 90 gold pieces
  6107 | D:6      | Bought a potion of heal wounds for 60 gold pieces
  6416 | D:7      | Found a hazy altar of Hepliaklqana.
  6610 | D:7      | Found a radiant altar of Vehumet.
  6987 | D:6      | Bought a +0 triple sword for 120 gold pieces
  7297 | D:8      | Noticed a two-headed ogre
  7303 | D:8      | Killed a two-headed ogre
  7304 | D:8      | Reached skill level 9 in Long Blades
  7304 | D:8      | Reached skill level 5 in Throwing
  7942 | D:8      | Reached XP level 10. HP: 84/84 MP: 10/10
  8556 | D:9      | HP: 4/84 [troll (4)]
  8557 | D:9      | Slain by a troll

Illustrated notes

Levels and vault maps discovered:
D:1:      minmay_arrival_statue_studded, layout_basic, minmay_unequal
D:2:      layout_rooms, st_stairs_9
D:3:      cheibrodos_helix_gallery, layout_loops_ring,
          nicolae_uskayaw_dance_hall, zin_angel
D:4:      layout_rooms, mainiacjoe_overflow_alcove_2,
          mainiacjoe_overflow_concentric_impassable, nicolae_ossuary_entry_giza
D:5:      layout_loops_ring, led_sif_book,
          grunt_temple_overflow_champion_of_chaos, uniq_blork_the_orc,
          uniq_menkaure
D:6:      layout_basic, minmay_temple_entry_trees, serial_shops, shop_statue,
          nrook_mini_backslash, nicolae_inconvenience_store
D:7:      layout_rooms, nicolae_hepliaklqana_hazy_memory, fiery_altar_vehumet,
          kennysheep_nub
D:8:      layout_loops_corners, serial_park_tiny_2
D:9:      layout_irregular_city
Temple:   nicolae_temple_ecumenical_triangle

Skill      XL: |  1  2  3  4  5  6  7  8  9 10 |
---------------+-------------------------------+-----
Dodging        | 3 4 5 6 7 8 |  8.0
Throwing       | 1 2 3 4 5 |  5.5
Fighting       | 4 5 6 |  6.7
Long Blades    | 4 5 6 7 9 |  9.9
Stealth        | 1 2 3 |  3.0

Action                     |  1- 3 |  4- 6 |  7- 9 | 10-12 || total
---------------------------+-------+-------+-------+-------++-------
  Melee: Falchion          |    91 |   188 |   292 |       ||   571
         Tailslap          |     5 |    32 |    47 |     9 ||    93
         Punch             |     1 |     2 |     2 |       ||     5
         Triple sword      |       |       |    36 |    49 ||    85
  Throw: Dart              |       |       |    14 |       ||    14
 Invoke: Berserk           |     1 |       |     6 |     1 ||     8
         Trog's Hand       |       |       |     1 |       ||     1
         Brothers in Arms  |       |       |       |     1 ||     1
Ability: Breathe Lightning |       |       |    10 |     1 ||    11
    Use: Scroll            |     5 |     6 |    11 |       ||    22
         Potion            |       |     3 |     4 |     3 ||    10
   Stab: Sleeping          |       |       |     5 |       ||     5
 Armour: Skin              |    17 |    72 |   125 |    20 ||   234
  Dodge: Dodged            |    46 |   140 |   325 |    67 ||   578
